 Dungeon Crawl Stone Soup version 0.32-a0-913-g739538afd8 (webtiles) character file.

Game seed: 3133346416166171094

3327 zewo the Skirmisher (level 10, -4/80 HPs)
             Began as a Coglin Hunter on Apr 7, 2024.
             Was a Priest of Okawaru.
             Slain by a komodo dragon (20 damage)
             ... on level 9 of the Dungeon.
             The game lasted 00:10:56 (8339 turns).

zewo the Skirmisher (Coglin Hunter)                 Turns: 8339, Time: 00:10:57

Health: -4/80      AC:  8    Str: 15    XL:     10   Next: 2%
Magic:  3/3        EV: 12    Int: 10    God:    Okawaru [***...]
Gold:   256        SH:  0    Dex: 28    Spells: 9/9 levels left

rFire   . . .        a - +12 orcbow "Untimonae" {antimagic, Int+2}
rCold   . . .        (shield currently unavailable)
rNeg    . . .        E - +0 ring mail of Faenk {*Slow Str+3 Dex+6}
rPois   .            A - +0 helmet
rElec   .            x - +0 cloak
rCorr   .            k - +0 pair of gloves
SInv    .            (no boots)
Will    .....        (amulet unavailable)
Stlth   ++           (ring unavailable)
HPRegen 0.33/turn    (ring unavailable)
MPRegen 0.08/turn    (no gizmo)

%: slow self (1%)
@: revved
A: off-hand wielding, slow wielding, warmup strikes, no jewellery
a: Invent Gizmo, Renounce Religion, Heroism


You were on level 9 of the Dungeon.
You worshipped Okawaru.
Okawaru was most pleased with you.
You visited 2 branches of the dungeon, and saw 10 of its levels.

You collected 511 gold pieces.
You spent 255 gold pieces at shops.

Inventory:

Hand Weapons
 a - the +12 orcbow "Untimonae" (weapon) {antimagic, Int+2}
   (You bought it in a shop on level 2 of the Dungeon)

   Int+2:     It affects your intelligence (+2).
 d - a +0 sling {Hans}
 F - a +2 sling {Leofsige}
Missiles
 B - a throwing net {!f}
Armour
 c - a +0 leather armour
 k - a +0 pair of gloves (worn)
 x - a +0 cloak (worn)
 A - a +0 helmet (worn)
 E - the +0 ring mail of Faenk (worn) {*Slow Str+3 Dex+6}
   (You found it on level 8 of the Dungeon)

   Str+3:     It affects your strength (+3).
   Dex+6:     It affects your dexterity (+6).
   *Slow:     It may slow you when you take damage.
Wands
 f - a wand of mindburst (23)
 j - a wand of polymorph (19)
 y - a wand of flame (32) {@v4}
Scrolls
 b - a scroll of butterflies
 e - 4 scrolls of vulnerability
 i - 2 scrolls of teleportation {unknown}
 l - a scroll of amnesia {unknown}
 p - 2 scrolls of fear {unknown}
 s - 3 scrolls of poison {unknown}
 w - a scroll of revelation {unknown}
 z - 4 scrolls of enchant weapon {unknown}
 C - a scroll of identify {@r1}
Potions
 g - 2 potions of heal wounds {@q2 !q}
 h - a potion of magic
 m - a potion of lignification {@q6}
 n - 2 potions of degeneration
 o - 2 potions of curing {@q1 !q}
 q - a potion of haste {unknown}
 r - a potion of berserk rage {unknown}
 t - a potion of enlightenment {unknown}
 u - a potion of attraction
 v - a potion of brilliance
 D - a potion of resistance {unknown}


   Skills:
 + Level 7.8 Fighting
 * Level 10.0 Ranged Weapons
 + Level 1.5 Armour
 - Level 3.1 Dodging
 - Level 2.5 Stealth
 - Level 4.0 Evocations


You had 9 spell levels left.
You didn't know any spells.
Your spell library contained the following spells:

 Spells                   Type           Power      Damage    Failure   Level
 Sting                    Conj/Alch      0%         1d3       58%         1
 Blink                    Tloc           0%         N/A       73%         2
 Lesser Beckoning         Tloc           0%         N/A       73%         2
 Mercury Vapours          Alch/Air       0%         N/A       73%         2
 Momentum Strike          Conj/Tloc      0%         3d8       73%         2
 Sigil of Binding         Hex            0%         N/A       91%         3
 Olgreb's Toxic Radiance  Alch           0%         N/A       100%        4
 Death Channel            Necr           Unusable   N/A       N/A         6
 Sculpt Simulacrum        Ice/Alch       Unusable   N/A       N/A         6

Dungeon Overview and Level Annotations

Branches:
Dungeon (9/15)             Temple (1/1) D:4            Lair (0/5) D:8
    Orc: D:9-12

Altars:
Ashenzari
Cheibriados
Dithmenos
Elyvilon
Fedhas
Gozag
Hepliaklqana
Kikubaaqudgha
Makhleb
Nemelex Xobeh
Okawaru
Ru
Sif Muna
Trog
Uskayaw
Vehumet
Wu Jian
Xom
Yredelemnul
Zin
The Shining One

Shops:
D:2 (   D:3 *   D:7 *   D:8 :


Innate Abilities, Weirdness & Mutations

You can wield a second weapon in your off-hand.
It takes a long time for you to wield or remove held weapons.
Your first few attacks do less damage.
You cannot equip rings or amulets.


Message History

Press: ? - help, v - describe, . - travel, g - get item Item here: 23 gold pieces.
The floor.
Reduced exclusion size to a single square.
Unknown command.
Partly explored, can't reach some items and places.
Unknown command.
You now have 256 gold pieces (gained 23).
Partly explored, can't reach some places.
Partly explored, can't reach some places.
There is a stone staircase leading down here.
You climb downwards.
The komodo dragon hisses angrily.
There is a stone staircase leading up here.
A komodo dragon is nearby!
You shoot an arrow. The arrow hits the komodo dragon.
The komodo dragon is lightly wounded.
The komodo dragon bites you but does no damage.
You shoot an arrow.
The arrow hits the komodo dragon but does no damage.
The komodo dragon is lightly wounded.
The komodo dragon closely misses you.
You shoot an arrow. The arrow hits the komodo dragon!
The komodo dragon is heavily wounded.
The komodo dragon bites you!!
You shoot an arrow. The arrow hits the komodo dragon!
The komodo dragon is almost dead.
The komodo dragon bites you!!
You are too injured to fight recklessly!
You are too injured to fight recklessly!
You are too injured to fight recklessly!
You shoot an arrow. The arrow hits the komodo dragon!
The komodo dragon is almost dead.
The komodo dragon bites you!!
* * * LOW HITPOINT WARNING * * *
You shoot an arrow.
The arrow hits the komodo dragon but does no damage.
The komodo dragon is almost dead.
The komodo dragon bites you!!
You die...

## .. #.
#. #. #.
♣.#
#.###....#
#l@..#
##...#
#.##...
... ♣♣..
#.# #.#
... #..


You could see a komodo dragon.

Vanquished Creatures
  Maggie (D:8)
  Sigmund (D:2)
  Eustachio (D:5)
  2 wyverns (D:8)
  A steam dragon (D:7)
  2 sky beasts
  A black bear (D:8)
  2 ogres
  A centaur (D:8)
  A kobold brigand (D:7)
  Blork the orc (D:5)
  2 gnoll sergeants
  2 bullfrogs
  4 wights (D:8)
  3 howler monkeys
  3 bombardier beetles
  3 orc priests (D:6)
  7 hounds
  Crazy Yiuf (D:5)
  2 gnoll boudas
  3 iguanas
  2 sleepcaps (D:5)
  Terence (D:2)
  Natasha (thrice) (D:2)
  2 orc wizards
  13 gnolls
  10 adders
  2 white imps
  A dart slug (D:1)
  2 ribbon worms (D:2)
  21 orcs
  7 ball pythons
  6 endoplasms
  2 giant cockroaches (D:1)
  11 goblins
  6 hobgoblins
  2 jackals (D:1)
  2 quokkas (D:2)
  5 bats
  3 frilled lizards
  9 kobolds
  6 rats
160 creatures vanquished.

Vanquished Creatures (others)
  An orc wizard (D:8)
1 creature vanquished.

Grand Total: 161 creatures vanquished

Notes
Turn   | Place    | Note
-------+----------+-------------------------------------------
     0 | D:1      | zewo the Coglin Hunter began the quest for the Orb.
     0 | D:1      | Reached XP level 1. HP: 16/16 MP: 1/1
    99 | D:1      | Reached skill level 1 in Stealth
   130 | D:1      | Reached XP level 2. HP: 22/22 MP: 2/2
   845 | D:2      | Reached XP level 3. HP: 28/28 MP: 3/3
   850 | D:2      | Noticed Terence
   856 | D:2      | Killed Terence
   891 | D:2      | Reached skill level 4 in Ranged Weapons
   909 | D:2      | Reached XP level 4. HP: 34/34 MP: 4/4
  1050 | D:2      | Noticed Sigmund
  1059 | D:2      | Killed Sigmund
  1060 | D:2      | Reached XP level 5. HP: 41/41 MP: 5/5
  1060 | D:2      | Reached XP level 6. HP: 47/47 MP: 6/6
  1202 | D:2      | Found Cibruph's Antique Weapon Shoppe.
  1245 | D:2      | Noticed Natasha
  1252 | D:2      | Killed Natasha
  1317 | D:2      | Noticed Natasha
  1332 | D:2      | Killed Natasha
  1677 | D:2      | Noticed Natasha
  1683 | D:2      | Killed Natasha
  2105 | D:3      | Reached skill level 5 in Ranged Weapons
  2340 | D:3      | Reached XP level 7. HP: 54/54 MP: 7/7
  2832 | D:3      | Found Fufuos's General Store.
  3050 | D:4      | Found an ancient bone altar of Kikubaaqudgha.
  3510 | D:4      | Found a staircase to the Ecumenical Temple.
  3514 | D:4      | Reached skill level 6 in Ranged Weapons
  3520 | Temple   | Entered the Ecumenical Temple
  3593 | Temple   | Became a worshipper of Warmaster Okawaru
  3968 | D:4      | Found a broken altar of Ashenzari.
  4192 | D:5      | Entered Level 5 of the Dungeon
  4404 | D:5      | Reached skill level 5 in Fighting
  4442 | D:5      | Found a runed translucent door.
  4443 | D:5      | Noticed Crazy Yiuf
  4484 | D:5      | Reached XP level 8. HP: 62/62 MP: 8/8
  4521 | D:5      | Noticed Blork the orc
  4527 | D:5      | Killed Blork the orc
  4660 | D:5      | Reached skill level 7 in Ranged Weapons
  4692 | D:5      | Reached * piety under Okawaru
  4779 | D:5      | Reached skill level 1 in Evocations
  4785 | D:5      | Noticed Eustachio
  4798 | D:5      | Killed Eustachio
  5072 | D:5      | Killed Crazy Yiuf
  5837 | D:6      | Reached ** piety under Okawaru
  5838 | D:6      | Reached skill level 8 in Ranged Weapons
  6082 | D:6      | Reached XP level 9. HP: 54/69 MP: 9/9
  6341 | D:7      | Found a snail-covered altar of Cheibriados.
  6540 | D:7      | Found Koreorrao's Gadget Gallery.
  6768 | D:7      | Found a hazy altar of Hepliaklqana.
  6941 | D:8      | Reached skill level 9 in Ranged Weapons
  7115 | D:8      | Found a staircase to the Lair.
  7145 | D:8      | Found a blossoming altar of Fedhas.
  7409 | D:8      | Found Poos's Book Shoppe.
  7437 | D:8      | Identified the +0 ring mail of Faenk {*Slow Str+3 Dex+6}
  7451 | D:8      | Reached *** piety under Okawaru
  7509 | D:8      | Found a burning altar of Makhleb.
  7879 | D:8      | Noticed Maggie
  8045 | D:2      | Bought an ebony orcbow for 255 gold pieces
  8045 | D:2      | Identified the +12 orcbow "Untimonae" {antimagic, Int+2}
                  | (You bought it in a shop on level 2 of the Dungeon)
  8237 | D:8      | Killed Maggie
  8238 | D:8      | Reached skill level 10 in Ranged Weapons
  8238 | D:8      | Reached skill level 1 in Armour
  8238 | D:8      | Reached XP level 10. HP: 77/80 MP: 10/10
  8339 | D:9      | Slain by a komodo dragon

Illustrated notes

Levels and vault maps discovered:
D:1:      nzn_arrival_depleted_hourglass, layout_basic
D:2:      layout_loops_corners, serial_shops, nicolae_shop_stone, uniq_sigmund,
          uniq_terence, uniq_natasha
D:3:      layout_basic, serial_shops, nicolae_square_shop, minmay_ogre_servants
D:4:      layout_rooms, mainiacjoe_overflow_surrounded_room,
          mainiacjoe_overflow_alcove_2, minmay_temple_entry_junction,
          serial_curves, eino_curves_03, eino_curves_02, minmay_misc_feat_five,
          moated_statue, lightli_minifort
D:5:      layout_gridville, uniq_crazy_yiuf_cottage, uniq_eustachio,
          uniq_blork_the_orc
D:6:      layout_cave_pods, minivault_25
D:7:      layout_loops_ring, cheibriados_altar_1, kennysheep_mini_moat,
          solitary_fountain, minmay_hedge_maze, nicolae_shop_gadgets
D:8:      layout_basic, mainiacjoe_overflow_concentric_impassable,
          bloody_makhleb, lair_entry_dummy, serial_shops,
          nicolae_shop_window_shopping, nicolae_water_bricks, uniq_maggie
D:9:      layout_loops_ring, mainiacjoe_overflow_tiny_flanked,
          amethyst_killhole, minmay_misc_feat_cross, nicolae_eternal_life,
          serial_nicolae_subway, nicolae_sub_station_crystal,
          nicolae_sub_station_metal, nicolae_sub_station_stone, uniq_joseph
Temple:   regret_index_temple_waves

Skill      XL: |  1  2  3  4  5  6  7  8  9 |
---------------+----------------------------+-----
Stealth        | 1 2 |  2.5
Dodging        | 2 3 |  3.1
Ranged Weapons | 4 5 6 8 10 | 10.0
Fighting       | 3 4 5 6 7 |  7.8
Evocations     | 3 4 |  4.0
Armour         | 1 |  1.5

Action                     |  1- 3 |  4- 6 |  7- 9 | 10-12 || total
---------------------------+-------+-------+-------+-------++-------
   Fire: Sling             |   118 |   204 |   790 |       ||  1112
         Orcbow            |       |       |       |     6 ||     6
    Use: Scroll            |       |       |     8 |       ||     8
 Armour: Leather armour    |     2 |    15 |   108 |       ||   125
         Ring mail         |       |       |     1 |     5 ||     6
  Dodge: Dodged            |     8 |    22 |   110 |     1 ||   141

Table legend: (Time is in decaauts)
 A = Elapsed time spent in this place.
 B = Non-inter-level travel time spent in this place.
 C = Inter-level travel time spent in this place.
 D = Time resting spent in this place.
 E = Time spent auto-exploring this place.
 F = Levels seen in this place.
 G = Mean time per level.
                   A        B        C        D        E       F      G
               +--------+--------+--------+--------+--------+-----+--------+
         Total |   8388 |   7606 |    782 |   1209 |   5325 |  10 |  838.8 |
       Dungeon |   8242 |   7604 |    638 |   1209 |   5325 |   9 |  915.8 |
        Temple |    146 |      2 |    144 |      0 |      0 |   1 |  146.0 |
               +--------+--------+--------+--------+--------+-----+--------+

Top non-repeatable levels by time:
     D:2: 1287 daAuts
     D:3: 1200 daAuts
     D:8: 1155 daAuts
     D:5: 1103 daAuts
     D:6: 992 daAuts
     D:4: 884 daAuts
     D:1: 851 daAuts
     D:7: 761 daAuts
  Temple: 146 daAuts
     D:9: 6 daAuts
